 Dungeon Crawl Stone Soup version 0.25.1-8-g42b30a86e7 (webtiles) character file.

Game seed: 4857618876599532152

196 Abzac the Stinger (level 5, 0/35 HPs)
             Began as a Merfolk Venom Mage on Dec 16, 2020.
             Slain by a worker ant (2 damage)
             ... in the Ecumenical Temple.
             The game lasted 00:12:47 (4764 turns).

Abzac the Stinger (Merfolk Venom Mage)              Turns: 4764, Time: 00:12:48

Health: 0/35       AC:  4    Str:  8    XL:     5   Next: 74%
Magic:  5/9        EV: 13    Int: 15    God:
Gold:   194        SH:  0    Dex: 15    Spells: 7/10 levels left

rFire    + . .     SeeInvis .   (no weapon)
rCold    x . .     Gourm    .   (no shield)
rNeg     . . .     Faith    .   a - +0 robe
rPois    .         Spirit   .   o - +2 hat
rElec    .         Reflect  .   (no cloak)
rCorr    +         Harm     .   (no gloves)
MR       .....                  (no boots)
Stlth    ++........             (no amulet)
HPRegen  0.11/turn              e - ring of fire
MPRegen  0.11/turn              l - ring of resist corrosion

@: lethally poisoned (0 -> -4)
A: change form in water, swift swim, stealthy swim
a: no special abilities


You were in the Ecumenical Temple.
You were not hungry.

You visited 2 branches of the dungeon, and saw 5 of its levels.

You collected 194 gold pieces.

Inventory:

Armour
 a - a +0 robe (worn)
 j - a +1 leather armour of poison resistance
 o - a +2 hat (worn)
Jewellery
 e - a ring of fire (left hand)
 l - a ring of resist corrosion (right hand)
Wands
 k - a wand of paralysis (7)
Scrolls
 b - a scroll of remove curse
 f - 2 scrolls of teleportation
 g - a scroll of random uselessness {unknown}
Potions
 h - 2 potions of curing
 i - 2 potions of resistance {unknown}
 m - a potion of berserk rage {unknown}
Comestibles
 c - 5 rations


   Skills:
 - Level 3.3 Dodging
 - Level 2.1 Stealth
 + Level 3.0 Spellcasting
 - Level 4.1 Transmutations
 + Level 1.2 Air Magic
 + Level 4.4 Poison Magic


You had 7 spell levels left.
You knew the following spells:

 Your Spells              Type           Power        Failure   Level  Hunger
a - Sting                 Tmut/Pois      ###.         3%          1    #......
b - Poisonous Vapours     Pois/Air       ##....       10%         2    ##.....

Your spell library contained the following spells:

 Spells                   Type           Power        Failure   Level  Hunger
 Ignite Poison            Fire/Tmut/Pois ###.....     19%         3    ###....
 Mephitic Cloud           Conj/Pois/Air  #.......     28%         3    ###....
 Olgreb's Toxic Radiance  Pois           ###.....     32%         4    #####..


Dungeon Overview and Level Annotations

Branches:
Dungeon (4/15)             Temple (1/1) D:4

Altars:
Dithmenos
Qazlal


Message History

The worker ant bites you!
* * * LOW HITPOINT WARNING * * *
The worker ant bites you!
* * * LOW HITPOINT WARNING * * *
You climb downwards.
Welcome to the Ecumenical Temple!
There is a staircase back to the Dungeon here.
It was a potion of curing.
You feel better. The worker ant bites you.
* * * LOW HITPOINT WARNING * * *
You are lethally poisoned!
The worker ant poisons you!
Casting: Sting (safe; 3% risk of failure)
Confirm with . or Enter, or press ? or * to list all spells.
Aiming: Sting (safe; 3% risk of failure)
Press: ? - help, Shift-Dir - straight line, f - worker ant
Aim: a worker ant The sting hits the worker ant.
The worker ant is poisoned.
The worker ant is lightly wounded.
* * * LOW HITPOINT WARNING * * *
You feel sick. The worker ant bites you.
You die...

.....##+##.....
#.............#
#...........#
#.........#
#.........#
#.⌠...⌠.#
#.......#
+...@a..+
#.......#
#.⌠...⌠.#
#.........#
#.........#
#...........#
#.............#
.....##+##.....


You could see a worker ant (poisoned).

Vanquished Creatures
  2 hounds (D:4)
  A gnoll (D:1)
  2 adders
  2 oozes (D:3)
  2 worms
  2 dart slugs
  2 leopard geckos (D:1)
  5 orcs
  A ball python (D:1)
  2 giant cockroaches
  11 goblins
  15 hobgoblins
  3 jackals (D:3)
  5 kobolds
  2 quokkas
  4 bats
  12 frilled lizards
  A jackal skeleton (D:4)
  7 rats
81 creatures vanquished.

Notes
Turn   | Place    | Note
-------+----------+-------------------------------------------
     0 | D:1      | Abzac the Merfolk Venom Mage began the quest for the Orb.
     0 | D:1      | Reached XP level 1. HP: 13/13 MP: 3/3
   346 | D:1      | Reached XP level 2. HP: 18/19 MP: 5/5
   925 | D:1      | Reached XP level 3. HP: 8/24 MP: 2/6
  1790 | D:2      | Found a stormy altar of Qazlal.
  1812 | D:2      | Reached XP level 4. HP: 22/30 MP: 4/7
  2092 | D:2      | Learned a level 2 spell: Poisonous Vapours
  3129 | D:3      | Paralysed by a goblin for 2 turns
  3943 | D:3      | Found a faded altar of an unknown god.
  4086 | D:3      | Reached XP level 5. HP: 35/35 MP: 6/8
  4381 | D:3      | Found a shadowy altar of Dithmenos.
  4701 | D:4      | Reached skill level 1 in Air Magic
  4717 | D:4      | Found a staircase to the Ecumenical Temple.
  4762 | Temple   | Entered the Ecumenical Temple
  4764 | Temple   | Slain by a worker ant

Illustrated notes

Levels and vault maps discovered:
D:1:      saegor_arrival_simple_b, layout_basic, patterned_corridor
D:2:      layout_basic, grunt_qazlal_sundering, first_ration
D:3:      layout_basic, lemuel_coloured_pillars_altar,
          chequers_ecumenical_altar_simple_redux
D:4:      layout_loops_corners, minmay_temple_entry_stoned_glass,
          ashenzari_altar_1
Temple:   minmay_temple_curvy_branch

Skill      XL: |  1  2  3  4  5 |
---------------+----------------+-----
Transmutations | 2 3 4 |  4.1
Dodging        | 3 |  3.3
Poison Magic   | 4 |  4.4
Air Magic      | 1 |  1.2
Spellcasting   | 3 |  3.0
Stealth        | |  2.1

Action                   |  1- 3 |  4- 6 || total
-------------------------+-------+-------++-------
Melee: Unarmed           |    26 |    30 ||    56
 Cast: Sting             |    40 |    88 ||   128
  Use: Scroll            |       |     3 ||     3
       Potion            |       |     1 ||     1
  Eat: Chunk             |     3 |    10 ||    13
Armor: Robe              |     6 |    13 ||    19
Dodge: Dodged            |    38 |    84 ||   122
